 Dungeon Crawl Stone Soup version 0.29.0-4-gdea44cf6ec (webtiles) character file.

Game seed: 17407615415342330470

77 qw the Chopper (level 4, -1/39 HPs)
             Began as a Minotaur Berserker on Sept 9, 2022.
             Was a Believer of Trog.
             Killed from afar by Sigmund (4 damage)
             ... with a magic dart
             ... on level 3 of the Dungeon.
             The game lasted 00:00:32 (2321 turns).

qw the Chopper (Minotaur Berserker)                 Turns: 2321, Time: 00:00:33

Health: -1/39      AC:  6    Str: 24    XL:     4   Next: 14%
Magic:  3/3        EV: 10    Int:  4    God:    Trog [**....]
Gold:   92         SH:  0    Dex:  9    Spells: 3/3 levels left

rFire   . . .      SeeInvis .   Y - +0 hand axe (venom)
rCold   . . .      Faith    .   (no shield)
rNeg    . . .      Spirit   .   b - +0 scale mail
rPois   .          Reflect  +   (helmet restricted)
rElec   .          Harm     .   (no cloak)
rCorr   .          Rampage  .   (no gloves)
Will    .....                   (no boots)
Stlth   ..........              e - amulet of reflection
HPRegen 0.13/turn               (no ring)
MPRegen 0.08/turn               (no ring)

@: confused, on berserk cooldown, slowed, very slow
A: horns 2, retaliatory headbutt
a: Renounce Religion, Berserk, Trog's Hand


You were on level 3 of the Dungeon.
You worshipped Trog.
Trog was pleased with you.
You visited 1 branch of the dungeon, and saw 3 of its levels.

You collected 92 gold pieces.


Innate Abilities, Weirdness & Mutations

You have a pair of horns on your head.
You reflexively headbutt those who attack you in melee.


   Skills:
 - Level 3.6 Fighting
 + Level 6.1 Axes
 - Level 2.4 Armour
 - Level 2.1 Dodging


You had 3 spell levels left.
You didn't know any spells.
Your spell library was empty.

Inventory:

Hand Weapons
 a - a +0 mace
 Y - a +0 hand axe of venom (weapon)
Missiles
 g - 4 silver boomerangs (quivered)
Armour
 b - a +0 scale mail (worn)
Jewellery
 e - an amulet of reflection (around neck)
Scrolls
 i - a scroll of identify
Potions
 d - a potion of haste {unknown}
 k - a potion of curing {unknown}

Dungeon Overview and Level Annotations

Branches:
Dungeon (3/15)

Altars:

Shops:
D:1 [

Annotations:
D:3 Sigmund


Message History

There is a strange disturbance nearby!
You're too confused to attack without stumbling around!
There is a strange disturbance nearby!
You feel your anger nearly subside. Something hits you.
You're too confused to attack without stumbling around!
There is a strange disturbance nearby!
You are no longer berserk.
You are exhausted.
You feel yourself slow down.
You're too confused to attack without stumbling around!
There is a strange disturbance nearby!
Something hits you but does no damage.
You're too confused to attack without stumbling around!
There is a strange disturbance nearby!
Something hits you!
You're too confused to attack without stumbling around!
There is a strange disturbance nearby!
You feel less confused.
You hear some strange, mumbled words.
A puff of flame appears from out of thin air!
The puff of flame hits you!
You swing at nothing.
You hear a zap.
The roots erupt in riotous growth!
The grasping roots grab you!
You are constricted.
Something hits you.
You are constricted.
You hear an angry hiss.
You hear a shout!
You swing at nothing.
Something hits you.
You are constricted.
You swing at nothing.
You hear some strange, mumbled words.
You are confused.
You are constricted.
The grasping roots release their grip on you.
You're too confused to attack without stumbling around!
There is a strange disturbance nearby!
A magic dart appears from out of thin air!
The magic dart hits you.
You die...

.##### #....
..... #... #
###..#.###
#.#..#{..#.#
#...........
#>..@#
#..<## #...#
......#
##...#.#
........
#####.#.#
#.#.# #.#


There were no monsters in sight!

Vanquished Creatures
  Terence (D:2)
  An adder (D:2)
  A worm (D:3)
  3 dart slugs
  2 ball pythons (D:1)
  4 endoplasms (D:1)
  2 giant cockroaches (D:1)
  A goblin (D:1)
  5 hobgoblins
  2 jackals (D:2)
  4 bats
  2 frilled lizards
  A kobold (D:2)
  3 rats (D:1)
32 creatures vanquished.

Notes
Turn   | Place    | Note
-------+----------+-------------------------------------------
     0 | D:1      | qw the Minotaur Berserker began the quest for the Orb.
     0 | D:1      | Reached XP level 1. HP: 19/19 MP: 0/0
     0 | D:1      | 0 ||| qw: Version: 0.1-a-113-g051387a
     0 | D:1      | 0 ||| qw: Game counter: 6891
     0 | D:1      | 0 ||| qw: Always use a shield: true
     0 | D:1      | 0 ||| qw: Do Orc after D:15 true
     0 | D:1      | 0 ||| qw: Do second Lair branch before Depths: true
     0 | D:1      | 0 ||| qw: Lair rune preference: random
     0 | D:1      | 0 ||| qw: Plans: Normal
     0 | D:1      | 0 ||| PLANNING D:1-11
    49 | D:1      | Found Ymiul's Antique Armour Shoppe.
    71 | D:1      | 71 ||| SHOPLISTING emerald-encrusted ring mail (207 gold,
                  | have 0).
    71 | D:1      | 71 ||| SHOPLISTING glowing scale mail (161 gold, have 0).
    71 | D:1      | 71 ||| SHOPLISTING leather armour (46 gold, have 0).
    71 | D:1      | 71 ||| SHOPLISTING pair of gloves (103 gold, have 0).
    71 | D:1      | 71 ||| SHOPLISTING ring mail (92 gold, have 0).
    71 | D:1      | 71 ||| SHOPLISTING runed hat (161 gold, have 0).
    71 | D:1      | 71 ||| SHOPLISTING runed robe (85 gold, have 0).
    77 | D:1      | Reached skill level 4 in Axes
   227 | D:1      | 227 ||| Stepping ~*~*~tactically~*~*~ (stealth).
   228 | D:1      | 228 ||| Stepping ~*~*~tactically~*~*~ (stealth).
   229 | D:1      | 229 ||| Stepping ~*~*~tactically~*~*~ (stealth).
   232 | D:1      | Reached XP level 2. HP: 26/26 MP: 1/1
   955 | D:1      | Reached skill level 5 in Axes
  1167 | D:1      | 1167 ||| UPGRADING to +0 leather armour.
  1177 | D:1      | 1177 ||| DROPPING +0 animal skin.
  1178 | D:1      | 1178 ||| UPGRADING to amulet of reflection.
  1183 | D:1      | 1183 ||| READING scroll labelled XOBIZA MOIR UDITH.
  1184 | D:1      | 1184 ||| READING scroll labelled TAMIUT DEROICK.
  1289 | D:2      | Noticed Terence
  1290 | D:2      | 1290 ||| Stepping ~*~*~tactically~*~*~ (hiding).
  1291 | D:2      | 1291 ||| Stepping ~*~*~tactically~*~*~ (hiding).
  1292 | D:2      | 1292 ||| Stepping ~*~*~tactically~*~*~ (hiding).
  1294 | D:2      | HP: 5/26 [Terence/bolt of dispelling energy (21)]
  1296 | D:2      | 1296 ||| INVOKING Berserk.
  1299 | D:2      | Killed Terence
  1300 | D:2      | Reached XP level 3. HP: 6/31 MP: 2/2
  1414 | D:2      | 1414 ||| Stepping ~*~*~tactically~*~*~ (stealth).
  2161 | D:2      | 2161 ||| UPGRADING to +0 scale mail.
  2171 | D:2      | 2171 ||| DROPPING +0 leather armour.
  2172 | D:2      | 2172 ||| READING scroll labelled BEORUV ECLOR.
  2175 | D:2      | 2175 ||| DRINKING 2 golden potions.
  2279 | D:2      | 2279 ||| READING 2 scrolls of identify.
  2279 | D:2      | 2279 ||| IDENTIFYING sedimented white potion
  2280 | D:2      | 2280 ||| DROPPING potion of brilliance.
  2281 | D:2      | 2281 ||| DROPPING potion of berserk rage.
  2294 | D:3      | 2294 ||| STAIRDANCE
  2299 | D:2      | Reached ** piety under Trog
  2300 | D:2      | Reached skill level 6 in Axes
  2300 | D:2      | Reached XP level 4. HP: 39/39 MP: 3/3
  2307 | D:3      | Noticed Sigmund
  2308 | D:3      | 2308 ||| Stepping ~*~*~tactically~*~*~ (hiding).
  2310 | D:3      | 2310 ||| INVOKING Berserk.
  2319 | D:3      | HP: 7/39 [something (5)]
  2320 | D:3      | HP: 2/39 [something (5)]
  2321 | D:3      | Killed from afar by Sigmund

Levels and vault maps discovered:
D:1:      onia_arrival_mini_maze_b, layout_basic, serial_shops, shop_fountains
D:2:      layout_basic, uniq_terence
D:3:      layout_basic, makhleb_altar_promises_db,
          grunt_dithmenos_smoke_and_mirrors, uniq_ijyb, uniq_natasha,
          uniq_sigmund

Skill      XL: |  1  2  3 |
---------------+----------+-----
Axes           | 4 5 6 |  6.1
Fighting       | |  3.6
Armour         | |  2.4
Dodging        | |  2.1

Action                   |  1- 3 |  4- 6 || total
-------------------------+-------+-------++-------
Melee: Hand axe          |    54 |     5 ||    59
       Headbutt          |     9 |     1 ||    10
Throw: Boomerang         |    16 |       ||    16
Invok: Berserk           |     1 |     1 ||     2
  Use: Scroll            |     4 |       ||     4
       Potion            |     1 |       ||     1
Armor: Animal skin       |     4 |       ||     4
       Leather armour    |     3 |       ||     3
       Scale mail        |     1 |     2 ||     3
Dodge: Dodged            |    30 |       ||    30
Block: Other             |     2 |     2 ||     4

Table legend:
 A = Non-vault XP
 B = Vault XP
 C = Vault XP percentage of total XP
 D = Non-vault monster count
 E = Vault monster count
 F = Vault count percentage of total count
                 A         B        C        D         E       F
            +---------+---------+-------+---------+---------+-------
      Total |      73 |      38 |  34.2 |      31 |       1 |   3.1
            +---------+---------+-------+---------+---------+-------
        D:1 |      38 |       0 |   0.0 |      20 |       0 |   0.0
        D:2 |      30 |      38 |  55.9 |      10 |       1 |   9.1
        D:3 |       5 |       0 |   0.0 |       1 |       0 |   0.0
            +---------+---------+-------+---------+---------+-------
